Map: King's Cove LE

Players

LewisKiniski

  • Race: Protoss Protoss
  • League: Master
  • Spawn Location: 11:00

A.I. 1 (Very Easy) - Winner!

  • Race: Terran Terran
  • Spawn Location: 5:00

VOD

Have the link to the VOD?

Description

Time

  • Played on: Dec. 1, 2024, 4:35 p.m.
  • Length: 10:00
Show
View Real Time Build Order
Export as new Build Order

LewisKiniski Protoss 

Build Orders: Blink Stalkers 

Get SALT Encoding   

  12  0:00  Probe  
  13  0:12  Probe  
  14  0:20  Pylon  
  14  0:24  Probe  
  15  0:32  Pylon  
  15  0:38  Probe  
  16  0:50  Probe  
  16  0:52  Gateway  
  17  0:59  Assimilator  
  17  1:02  Probe  
  18  1:14  Probe  
  19  1:26  Probe  
  19  1:30  Zealot  
  22  1:42  Cybernetics Core  
  22  1:48  Zealot  
  22  1:52  Nexus  
  24  2:03  Probe  
  24  2:07  Stalker, Assimilator  
  25  2:15  Probe  
  28  2:27  Probe  
  28  2:28  Warp Gate  
  29  2:32  Pylon  
  29  2:39  Probe  
  30  2:47  Stalker  
  32  2:51  Probe  
  32  2:57  Twilight Council  
  33  3:01  Probe  
  33  3:03  Probe  
  35  3:10  Probe  
  35  3:14  Stalker  
  35  3:15  Probe  
  35  3:18  Blink  
  35  3:19  Probe  
  40  3:27  Probe  
  40  3:29  Probe  
  42  3:37  Probe  
  42  3:40  Probe  
  44  3:45  Probe  
  44  3:49  Gateway  
  44  3:52  Probe  
  46  3:58  Probe  
  46  4:00  Robotics Facility  
  47  4:04  Probe  
  47  4:05  Gateway  
  48  4:11  Probe  
  48  4:13  Assimilator  
  48  4:16  Probe  
  50  4:18  Pylon  
  50  4:21  Sentry  
  50  4:23  Probe  
  53  4:27  Pylon  
  53  4:28  Probe  
  54  4:36  Probe  
  55  4:40  Probe  
  55  4:43  Assimilator  
  56  4:48  Probe  
  56  4:49  Observer  
  56  4:50  Forge  
  58  4:55  Stalker x2  
  62  5:02  Probe x2  
  64  5:07  Nexus, Observer  
  64  5:10  Pylon, Protoss Ground Armor Level 1  
  66  5:14  Probe x2  
  67  5:25  Stalker  
  67  5:26  Probe  
  70  5:30  Probe  
  70  5:33  Charge  
  71  5:38  Probe, Templar Archives  
  71  5:42  Probe  
  73  5:45  Pylon  
  73  5:50  Probe  
  73  5:54  Probe  
  75  6:02  Probe  
  80  6:04  Warp Prism  
  80  6:06  Stalker x3, Probe  
  85  6:12  Psionic Storm  
  85  6:14  Probe  
  85  6:16  Pylon  
  86  6:19  Probe  
  87  6:26  Probe  
  87  6:27  Probe  
  87  6:31  Probe  
  90  6:34  Gateway  
  90  6:35  Gateway  
  90  6:36  Gateway  
  90  6:39  Probe  
  92  6:40  Probe  
  92  6:42  Sentry x2  
  92  6:43  Probe  
  92  6:46  Immortal  
  97  6:49  Assimilator  
  97  6:50  Assimilator  
  97  6:51  Probe  
  97  6:52  Probe  
  99  6:55  Probe, Protoss Ground Armor Level 2  
  104  7:03  Probe  
  104  7:04  Probe  
  104  7:07  Probe  
  107  7:13  Gateway  
  107  7:14  Gateway  
  107  7:15  Probe  
  108  7:16  Probe, Pylon  
  109  7:26  Nexus  
  109  7:30  Pylon  
  109  7:36  Immortal  
  113  7:40  High Templar x2  
  113  7:43  Pylon  
  117  7:44  Pylon  
  117  7:53  High Templar x2  
  117  7:54  Zealot x2  
  125  7:58  Pylon  
  125  8:01  Pylon  
  125  8:02  Pylon  
  125  8:11  High Templar x2  
  129  8:13  Zealot x2  
  129  8:14  Zealot x2  
  129  8:17  Archon  
  137  8:22  Pylon  
  137  8:24  Pylon  
  137  8:26  Gateway  
  136  8:27  Stalker x2, Gateway  
  140  8:35  Probe x3  
  140  8:40  Pylon  
  143  8:42  Zealot x4  
  143  8:43  Pylon  
  143  8:47  Probe x3  
  154  8:53  Forge  
  154  8:54  Zealot x4  
  162  9:02  Assimilator  
  162  9:04  Assimilator  
  162  9:08  Probe  
  162  9:09  Probe x3  
  166  9:11  Nexus  
  166  9:13  High Templar x4  
  166  9:14  Pylon  
  166  9:15  Zealot  
  166  9:16  Pylon, High Templar  
  166  9:17  High Templar  
  180  9:21  Archon, High Templar  
  180  9:22  Archon  
  182  9:31  Zealot x2  
  186  9:39  Zealot  
  186  9:44  Pylon  
  188  9:45  Pylon  
  188  9:46  Zealot x4  
  188  9:47  Pylon  
  188  9:49  Zealot x2  
Show
View Real Time Build Order
Export as new Build Order

A.I. 1 (Very Easy) Terran - Winner!

Build Orders:  

Get SALT Encoding   

  12  0:00  SCV  
  13  0:13  SCV  
  14  0:19  Supply Depot  
  14  0:38  Refinery  
  14  0:43  Barracks  
  14  1:06  Supply Depot  
  14  1:13  Refinery  
  14  1:30  Marine  
  14  1:31  Orbital Command  
  15  1:57  SCV  
  16  2:04  Marine  
  17  2:09  SCV  
  18  2:21  SCV  
  19  2:33  SCV  
  20  2:37  Marine  
  21  2:45  SCV  
  22  2:57  SCV  
  23  5:47  Marine  
  23  5:48  SCV  
  24  5:53  Supply Depot  
  24  5:55  Factory  
  22  6:00  SCV  
  22  6:14  SCV  
  22  6:16  Marine  
  24  6:18  Supply Depot  
  24  6:26  SCV  
  25  6:38  SCV  
  26  6:44  Starport, Marine  
  27  6:51  SCV  
  28  6:59  Command Center  
  28  7:03  SCV  
  29  7:13  Marine  
  30  7:19  Starport Tech Lab  
  29  7:39  Raven  
  31  7:44  Barracks Tech Lab  
  31  8:06  Marauder  
  31  8:11  SCV  
  34  8:13  Raven  
  34  8:18  SCV  
  34  8:19  Refinery  
  37  8:21  Refinery  
  37  8:26  SCV  
  38  8:33  SCV  
  39  8:40  SCV  
  40  8:47  SCV  
  41  8:54  SCV  
  42  9:01  SCV  
  43  9:09  SCV  
  44  9:16  SCV  
  45  9:23  SCV  
  45  9:30  SCV  
  46  9:37  SCV  
  47  9:45  SCV  
Tags
 
Composition
Blink Stalkers
League
Master
Matchup
PvT
Spawn Locations
Cross Positions
Add a new tag
Caveats
  • Supply blocks, unpowered buildings, or Contaminate may cause inaccurate times.
  • Supply counts are checked every 10 seconds.